 Dungeon Crawl Stone Soup version 0.32-a0-40-g2adb59ae06 (webtiles) character file.

Game seed: 2800117367571074844

100 Newt the Ducker (level 4, 0/46 HPs)
             Began as an Octopode Shapeshifter on Jan 24, 2024.
             Succumbed to an orc's poison
             ... on level 3 of the Dungeon.
             The game lasted 00:01:58 (1797 turns).

Newt the Ducker (Octopode Shapeshifter)             Turns: 1797, Time: 00:01:58

Health: 0/46       AC: 22    Str: 21    XL:     4   Next: 74%
Magic:  4/4        EV:  2    Int: 12    God:
Gold:   116        SH:  0    Dex: 11    Spells: 3/3 levels left

rFire   . .          .
                       - Unarmed
rCold   . . .        (no shield)
rNeg    . . .        (helmet currently unavailable)
rPois   +            (no amulet)
rElec   .            h - ring of see invisible
rCorr   .            g - +6 ring of strength
SInv    +            (no ring)
Will    .....        (no ring)
Stlth   +            (no ring)
HPRegen 0.27/turn    (no ring)
MPRegen 0.09/turn    (no ring)
                     (no ring)

%: no passive effects
@: lethally poisoned (0 -> -15), tree-form
A: stationary, stasis, torment immunity, boosted hp, almost no armour,
(amphibious), 8 rings, (camouflage 1), (gelatinous body 1), (nimble swimmer 1),
(tentacles)
a: no special abilities


You were on level 3 of the Dungeon.
You were a tree.
You visited 1 branch of the dungeon, and saw 3 of its levels.

You collected 116 gold pieces.

Inventory:

Jewellery
 g - a +6 ring of strength (right branch)
 h - a ring of see invisible (left branch)
Talismans
 b - a beast talisman
 c - a flux talisman
Scrolls
 d - 2 scrolls of fog
 f - a scroll of amnesia
 i - a scroll of noise {unknown}
Potions
 e - 2 potions of enlightenment


   Skills:
 - Level 3.0 Fighting
 + Level 3.7 Dodging
 - Level 3.0 Unarmed Combat
 - Level 3.0 Shapeshifting


You had 3 spell levels left.
You didn't know any spells.
Your spell library contained the following spells:

 Spells                   Type           Power      Damage    Failure   Level
 Petrify                  Alch/Erth      0%         N/A       97%         4
 Summon Blazeheart Golem  Fire/Summ      0%         N/A       97%         4
 Ignition                 Fire           0%         3d3       100%        8


Dungeon Overview and Level Annotations

Branches:
Dungeon (3/15)

Altars:

Shops:
D:3 :


Innate Abilities, Weirdness & Mutations

You are a tree.
Your roots penetrate the ground, keeping you stationary.
You cannot be teleported.
You are immune to unholy pain and torment.
Your maximum health is greatly increased.
You cannot wear most types of armour.
((You are amphibious.))
You can wear up to eight rings at the same time.
((Your skin changes colour to match your surroundings (Stealth+).))
((Your rubbery body absorbs attacks. (AC +1, EV +1)))
((You are camouflaged when in or above water. (Stealth+)))
((You have tentacles for arms and can constrict up to eight enemies at once.))


Message History

You are frozen.
You tentacle-slap the endoplasm. You squeeze the endoplasm.
You kill the endoplasm!
No target in view!
No target in view!
HP restored.
i - a scroll labelled OKLULE WAACWI An orc comes into view.
It is wielding a +0 flail of venom.
The orc shouts!
An orc is nearby!
An orc comes into view. It is wielding a +0 dagger.
An orc comes into view. It is wielding a +0 mace.
Found a scroll labelled DUTHIU UKHLUSO.
The orc shouts!
The orc hits you with a +0 flail of venom!
You are poisoned.
You tentacle-slap the orc. Your grab misses the orc.
The orc is heavily wounded.
You feel very sick. The orc misses you.
You completely miss the orc. Your grab misses the orc.
Your squeeze misses the orc.
The orc is heavily wounded.
You feel very sick.
The orc hits you with a +0 flail of venom!
You are more poisoned.
You tentacle-slap the orc.
You kill the orc!
* * * LOW HITPOINT WARNING * * *
You feel very sick.
Unknown command.
Your transformation has ended.
You turn into a tree.
Your roots penetrate the ground.
* * * LOW HITPOINT WARNING * * *
You feel very sick.
Unknown command.
Unknown command.
You smack the orc!
You kill the orc!
You die...

# ## # # ...
<#.#.################.#
.#.#.#.#.#.#.#.#.#.#.#
#.#...#.#.#.#.#.#.#.#
.#.....#.#.#.#.#.#.#
#.#...#.#.#.#.#.#?#
.#.#.#.#.#.#.#.#♣#
#.#.#.#.#.#.#.#.#)#
.#.#.#.#.#.#.#.#.#.#
#.#.#.#.#.#.#.#.#.#o#
.#.#.#.#.#.#.#.#.#.#.#
#.#.#.#.#.#.#.#.#. #.#
.#.#.#.#.#.#.#.#. #.#
#.#.#.#.#.#.#.#. #.
.#.#.#.#.#.#.#.


You could see an orc.

Vanquished Creatures
  Robin (D:3)
  An adder (D:3)
  2 dart slugs
  A ribbon worm (D:2)
  2 orcs (D:3)
  9 bats
  9 endoplasms
  4 giant cockroaches
  11 goblins
  9 hobgoblins
  A quokka (D:1)
  3 ball pythons (D:1)
  4 frilled lizards
  4 kobolds
  4 rats (D:1)
65 creatures vanquished.

Notes
Turn   | Place    | Note
-------+----------+-------------------------------------------
     0 | D:1      | Newt the Octopode Shapeshifter began the quest for the Orb.
     0 | D:1      | Reached XP level 1. HP: 13/13 MP: 1/1
   179 | D:1      | Reached XP level 2. HP: 19/19 MP: 2/2
   425 | D:1      | Noticed a great orb of eyes
   428 | D:1      | Found a faded altar of an unknown god.
   432 | D:1      | Noticed a great orb of eyes
   432 | D:1      | Noticed a golden eye
   432 | D:1      | Noticed a golden eye
   488 | D:1      | Reached XP level 3. HP: 25/25 MP: 3/3
   931 | D:2      | Got the Discursus on the Red-Hot Valley
  1286 | D:2      | Reached XP level 4. HP: 31/31 MP: 4/4
  1552 | D:3      | Found Luwyphomm's Book Shop.
  1604 | D:3      | Noticed Robin
  1611 | D:3      | Killed Robin
  1623 | D:3      | HP: 2/46 [goblin/+0 club[Robin] (2)]
  1797 | D:3      | Succumbed to an orc's poison

Illustrated notes

Levels and vault maps discovered:
D:1:      ncdulo_wetmaze, layout_loops_ring,
          hellmonk_ecumenical_altar_watching_god
D:2:      layout_loops_ring, dk_noncrumbling_3
D:3:      layout_basic, serial_shops, shop, uniq_robin

Skill      XL: |  1  2  3 |
---------------+----------+-----
Fighting       | 2 3 |  3.0
Dodging        | 3 |  3.7
Unarmed Combat | |  3.0
Shapeshifting  | |  3.0

Action                     |  1- 3 |  4- 6 || total
---------------------------+-------+-------++-------
  Melee: Unarmed           |    89 |    37 ||   126
         Constrict         |    25 |     9 ||    34
         Tentacles         |    16 |     6 ||    22
         Punch             |     1 |     2 ||     3
    Use: Scroll            |     7 |       ||     7
         Potion            |       |     2 ||     2
   Stab: Sleeping          |     4 |     2 ||     6
 Armour: Skin              |    33 |    29 ||    62
  Dodge: Dodged            |    54 |    18 ||    72

Table legend: (Time is in decaauts)
 A = Elapsed time spent in this place.
 B = Non-inter-level travel time spent in this place.
 C = Inter-level travel time spent in this place.
 D = Time resting spent in this place.
 E = Time spent auto-exploring this place.
 F = Levels seen in this place.
 G = Mean time per level.
                   A        B        C        D        E       F      G
               +--------+--------+--------+--------+--------+-----+--------+
         Total |   1788 |   1746 |     42 |    132 |   1292 |   3 |  596.0 |
       Dungeon |   1788 |   1746 |     42 |    132 |   1292 |   3 |  596.0 |
               +--------+--------+--------+--------+--------+-----+--------+

Top non-repeatable levels by time:
     D:1: 830 daAuts
     D:2: 714 daAuts
     D:3: 244 daAuts
